Map: Black Site 2E

Players

markiemark

  • Race: Zerg Zerg
  • League: Platinum
  • Spawn Location: 12:00

ChillyDown

  • Race: Terran Terran
  • League: Platinum
  • Spawn Location: 9:00

Quietrage

  • Race: Terran Terran
  • League: Gold
  • Spawn Location: 11:00

Throwfordays - Winner!

  • Race: Protoss Protoss
  • League: Silver
  • Spawn Location: 5:00

Cthulhu - Winner!

  • Race: Protoss Protoss
  • Spawn Location: 3:00

Faust - Winner!

  • Race: Zerg Zerg
  • League: Diamond
  • Spawn Location: 6:00

VOD

Have the link to the VOD?

Description

Time

  • Played on: April 5, 2019, 12:01 a.m.
  • Length: 20:12
Show
View Real Time Build Order
Export as new Build Order

markiemark Zerg 

Build Orders: Hatch First 

Get SALT Encoding   

  12  0:01  Drone  
  13  0:17  Overlord  
  13  0:19  Drone  
  14  0:36  Drone x2  
  16  0:54  Hatchery  
  15  0:58  Drone x2  
  17  1:13  Extractor  
  17  1:16  Spawning Pool  
  15  1:18  Drone  
  15  1:22  Drone  
  17  1:26  Drone  
  18  1:36  Drone  
  19  1:48  Drone  
  20  1:56  Drone  
  21  2:05  Queen  
  21  2:06  Queen  
  21  2:07  Zergling x2  
  21  2:08  Zergling x2  
  27  2:15  Metabolic Boost  
  27  2:22  Extractor, Overlord  
  26  2:29  Overlord  
  26  2:33  Drone  
  26  2:34  Drone  
  28  2:42  Drone x2  
  30  2:52  Drone x2  
  32  3:01  Drone x2  
  34  3:12  Drone x2  
  36  3:21  Drone x2  
  38  3:33  Zergling x4  
  40  3:43  Zergling x4  
  40  3:46  Roach Warren  
  41  3:53  Zergling x2  
  42  4:02  Zergling x2  
  43  4:09  Extractor  
  42  4:10  Lair  
  42  4:12  Overlord  
  42  4:13  Overlord  
  42  4:22  Zergling x2  
  42  4:23  Zergling x2  
  38  4:25  Zergling x2  
  35  4:47  Roach x4  
  43  5:04  Roach x2  
  47  5:09  Glial Reconstitution  
  47  5:13  Evolution Chamber  
  46  5:27  Roach x4  
  46  5:28  Roach x2  
  57  5:48  Zerg Missile Weapons Level 1  
  57  5:49  Overlord x2  
  57  5:58  Ravager x2  
  59  6:23  Roach x3  
  59  6:24  Roach x3  
  62  6:42  Roach x2  
  62  7:05  Roach x4  
  68  7:22  Roach x4  
  76  7:43  Hatchery  
  75  8:03  Overlord x2  
  75  8:04  Overlord x2  
  75  8:28  Drone x4  
  75  8:29  Drone x4  
  80  9:00  Drone  
  80  9:01  Drone x4  
  62  9:19  Roach  
  62  9:20  Roach x5  
  52  9:27  Roach x2  
  52  9:28  Roach  
  58  9:35  Hatchery, Roach x2  
  61  9:42  Zerg Missile Weapons Level 2  
  61  9:49  Queen  
  61  9:51  Roach x4  
  71  9:54  Ravager  
  71  9:55  Ravager x5  
  71  9:58  Roach x2  
  81  10:10  Roach x3  
  87  10:18  Drone  
  87  10:19  Drone x4  
  92  10:27  Extractor  
  92  10:28  Drone  
  92  10:29  Drone x3  
  99  10:35  Roach x2  
  101  10:43  Roach x3  
  105  10:56  Infestation Pit  
  104  10:57  Drone x4  
  104  10:58  Evolution Chamber  
  107  11:08  Roach x2  
  111  11:15  Overlord x5  
  111  11:41  Drone  
  111  11:42  Drone x7  
  111  11:43  Drone x2  
  121  11:51  Hive  
  121  11:56  Roach x3  
  121  11:57  Roach x3  
  121  12:00  Hydralisk Den  
  132  12:01  Zerg Ground Armor Level 1  
  132  12:19  Extractor  
  132  12:20  Extractor, Overlord x2  
  130  12:23  Drone x6  
  136  12:34  Hydralisk x2  
  136  12:35  Hydralisk x2  
  144  12:51  Hydralisk  
  144  12:52  Hydralisk x7  
  160  12:59  Muscular Augments  
  160  13:13  Hydralisk x4  
  168  13:21  Overlord x4  
  168  13:22  Hatchery  
  168  13:23  Overseer  
  168  13:25  Overseer  
  167  13:28  Pneumatized Carapace  
  167  13:32  Overlord x2  
  167  13:33  Overlord  
  167  13:44  Ultralisk Cavern  
  167  13:45  Hydralisk x2  
  167  13:46  Hydralisk  
  172  14:10  Grooved Spines, Hydralisk x3  
  172  14:11  Hydralisk x5  
  188  14:20  Zerg Missile Weapons Level 3  
  188  14:32  Drone  
  188  14:33  Drone x8  
  188  14:36  Overlord  
  197  14:39  Overseer  
  197  14:47  Zerg Ground Armor Level 2  
  197  15:20  Chitinous Plating  
  197  15:31  Spire  
  159  16:08  Hydralisk x6  
  159  16:09  Hydralisk x9  
  106  16:39  Anabolic Synthesis  
  106  16:46  Hydralisk  
  106  16:47  Hydralisk x9  
  108  16:48  Hydralisk x5  
  136  17:00  Hydralisk x3  
  136  17:01  Hydralisk x2  
  146  17:29  Hydralisk  
  144  17:30  Hydralisk x6  
  144  17:31  Hydralisk x4  
  96  17:54  Hydralisk  
  96  17:55  Hydralisk x7  
  96  17:56  Hydralisk x8  
  108  18:25  Hydralisk  
  108  18:26  Hydralisk x11  
  108  18:27  Hydralisk x2  
  70  19:12  Corruptor x4  
  70  19:13  Corruptor x10  
Show
View Real Time Build Order
Export as new Build Order

ChillyDown Terran 

Build Orders:  

Get SALT Encoding   

  12  0:01  SCV  
  13  0:13  SCV  
  14  0:20  Supply Depot  
  14  0:31  SCV  
  15  0:43  SCV  
  15  0:47  Refinery, Barracks  
  16  0:55  SCV  
  17  1:04  Refinery  
  17  1:10  Barracks  
  17  1:21  SCV  
  18  1:30  Supply Depot  
  18  1:38  SCV  
  19  1:42  Marine  
  20  1:50  Factory  
  21  2:03  Barracks Tech Lab  
  21  2:05  Marine  
  21  2:08  SCV  
  22  2:15  Supply Depot  
  22  2:24  Orbital Command  
  22  2:28  Marine  
  23  2:37  Factory Tech Lab  
  23  2:44  Starport  
  23  2:51  Barracks Tech Lab  
  23  2:53  Marine  
  23  2:57  SCV  
  25  3:07  Siege Tank  
  28  3:14  Marine  
  28  3:15  Marine  
  30  3:22  Raven  
  32  3:32  Bunker  
  32  3:34  Marine  
  32  3:35  Marine  
  34  3:47  Siege Tank  
  37  3:51  SCV  
  37  3:52  Marine  
  39  3:59  Supply Depot  
  39  4:20  Marine x2  
  39  4:21  Medivac  
  43  4:36  Siege Tank  
  46  4:38  Marine  
  47  4:53  Supply Depot  
  47  4:54  Supply Depot  
  47  5:14  Marine x2  
  47  5:15  SCV, Medivac  
  47  5:18  Command Center  
  52  5:32  Marine x2  
  42  6:59  Marine x2  
  44  7:17  Marine x2  
  44  7:21  Siege Tank  
  49  7:23  Medivac  
  49  7:25  SCV  
  49  7:28  SCV  
  53  7:35  Refinery, Marine x2  
  55  7:37  SCV  
  55  7:40  SCV  
  57  7:49  SCV  
  58  7:52  SCV  
  58  7:53  Marine x2, Medivac, Siege Tank  
  63  8:01  SCV  
  63  8:04  SCV  
  63  8:10  Marine  
  63  8:11  Marine  
  64  8:13  SCV  
  65  8:25  Siege Tank  
  68  8:28  Marine x2  
  68  8:31  Raven  
  72  8:36  SCV  
  72  8:37  SCV  
  74  8:44  Refinery  
  74  8:46  Marine x2  
  77  8:48  SCV  
  77  8:49  SCV  
  78  9:04  Barracks  
  78  9:07  Barracks  
  78  9:08  Factory  
  78  9:09  Barracks  
  78  9:12  Starport  
  78  9:13  Factory  
  78  9:23  Marine x2, SCV  
  78  9:25  SCV, Siege Tank  
  71  9:35  SCV  
  71  9:37  SCV  
  63  9:41  Marine x2  
  61  9:48  SCV  
  61  9:49  SCV  
  61  9:52  Starport Reactor  
  63  9:53  Engineering Bay  
  63  9:54  Engineering Bay, Factory Tech Lab  
  63  9:56  Factory Tech Lab  
  63  9:57  Siege Tank, Command Center  
  63  9:59  Marine x2  
  65  10:31  Armory  
  65  10:33  Armory  
  65  10:34  Missile Turret  
  65  10:35  Missile Turret  
  65  10:36  Missile Turret x2  
  65  10:41  Missile Turret  
  65  10:51  Barracks Reactor  
  65  11:00  Barracks Reactor  
  65  11:02  Barracks Reactor  
  65  11:06  Barracks Reactor  
  65  11:11  Refinery  
  65  11:12  Marine  
  65  11:14  Siege Tank  
  65  11:15  Siege Tank x2  
  75  11:19  Raven  
  75  11:21  Medivac x2  
  75  11:23  SCV  
  83  11:30  Marine  
  83  11:36  SCV  
  83  11:37  Refinery  
  83  11:39  SCV  
  86  11:43  Planetary Fortress  
  86  11:46  Marine x5  
  90  11:48  Marine, SCV  
  90  11:49  Marine  
  93  11:59  Terran Infantry Weapons Level 1  
  93  12:00  Terran Infantry Armor Level 1  
  93  12:06  Terran Vehicle Weapons Level 1  
  93  12:12  Marine x2  
  93  12:13  SCV x2, Medivac  
  99  12:25  SCV x2  
  99  12:26  SCV  
  102  12:30  Marine  
  102  12:33  Supply Depot  
  102  12:34  Supply Depot  
  102  12:35  Supply Depot  
  103  12:37  Supply Depot, SCV x2  
  103  12:38  SCV  
  103  12:41  Terran Vehicle And Ship Armor Level 1  
  106  12:47  Marine  
  106  12:48  Marine x2  
  109  12:55  Marine x3, SCV x2  
  109  12:56  Thor  
  109  12:57  Thor  
  126  13:03  Thor  
  132  13:07  SCV  
  132  13:09  Medivac  
  135  13:13  Marine x6  
  141  13:33  Marine x3, SCV, Medivac x2  
  149  13:40  Supply Depot  
  149  13:44  Supply Depot  
  149  14:00  Terran Infantry Weapons Level 2  
  149  14:01  Marine x2, Thor  
  157  14:03  Supply Depot  
  157  14:05  Thor  
  157  14:07  Supply Depot  
  163  14:11  Terran Vehicle Weapons Level 2  
  163  14:42  Marine x9  
  172  14:53  Supply Depot  
  172  14:57  Supply Depot  
  172  15:00  Marine x9  
  181  15:17  Marine  
  181  15:18  Marine x8  
  190  15:35  Marine  
  190  15:36  Marine x6  
  197  15:44  Stimpack  
  197  15:54  Marine  
  197  15:55  Marine  
  197  15:56  Marine x4  
  197  16:05  Marine x3  
  182  16:13  Marine  
  182  16:14  Marine  
  119  16:45  Thor x3  
  137  16:50  Medivac  
  137  16:51  Medivac x2  
  137  16:53  Marine x9  
  148  17:10  Marine  
  148  17:11  Marine x8  
  91  17:28  Thor x3, Marine  
  91  17:29  Marine x2  
  69  17:40  Marine x4  
  69  17:41  Marine x2  
  56  17:46  Marine x3  
  57  17:58  Marine x6  
  55  18:04  Marine x3  
  50  18:16  Marine x2  
Show
View Real Time Build Order
Export as new Build Order

Quietrage Terran 

Build Orders: 1/1/1, 2 Factory 

Get SALT Encoding   

  12  0:00  SCV  
  13  0:13  SCV  
  14  0:25  SCV  
  14  0:26  Supply Depot  
  15  0:38  Refinery  
  15  0:41  Refinery  
  15  0:48  Barracks  
  15  0:53  SCV  
  16  1:05  SCV  
  17  1:17  SCV  
  18  1:22  Barracks  
  18  1:38  Factory  
  18  1:43  SCV  
  19  1:55  SCV  
  20  2:07  SCV  
  21  2:10  Factory  
  21  2:25  Starport  
  21  2:26  Factory Reactor  
  21  2:34  Orbital Command  
  21  2:38  Barracks Reactor  
  21  2:40  Barracks Tech Lab  
  21  2:52  Supply Depot  
  21  2:58  Marine  
  22  3:06  Starport Tech Lab  
  22  3:08  Supply Depot  
  22  3:10  Factory Tech Lab  
  22  3:14  SCV  
  23  3:26  SCV  
  23  3:27  Marine  
  25  3:34  Bunker  
  25  3:43  Siege Tank  
  25  3:44  Widow Mine  
  30  3:52  Marine x2  
  32  3:56  Marine  
  33  4:14  Widow Mine x2  
  37  4:20  Raven, Stimpack  
  39  5:02  Supply Depot  
  39  5:09  Marine x3, Siege Tank  
  39  5:10  Widow Mine  
  47  5:24  Supply Depot  
  47  5:27  Marine x3  
  50  5:45  Marine x3  
  50  5:49  Widow Mine x2  
  57  6:02  Marine  
  57  6:03  Marine x2  
  60  6:10  Widow Mine  
  62  6:20  Marine  
  63  6:26  Marine  
  63  7:18  Marine, Widow Mine  
  63  7:27  Marine  
  63  7:48  Marine  
  63  7:49  Marine, Widow Mine  
  63  7:57  Marine  
  63  7:59  Widow Mine, Siege Tank  
  63  8:01  Command Center  
  62  8:38  Siege Tank  
  62  8:40  Widow Mine  
  63  8:52  Widow Mine  
  63  9:08  Widow Mine  
  65  9:10  Supply Depot, Siege Tank  
  65  9:14  Widow Mine  
  70  9:19  Command Center  
  70  9:30  Widow Mine  
  66  9:33  Supply Depot  
  57  9:42  Siege Tank  
  48  9:58  Supply Depot  
  48  10:02  Armory  
  48  10:06  Armory, Engineering Bay  
  44  10:11  SCV  
  44  10:12  SCV  
  46  10:14  Siege Tank  
  46  10:21  Supply Depot  
  49  10:23  SCV  
  49  10:24  SCV  
  51  10:35  SCV  
  52  10:36  SCV  
  53  10:47  SCV  
  53  10:48  SCV  
  55  10:59  SCV  
  55  11:00  SCV  
  55  11:30  SCV  
  56  11:33  Refinery  
  56  11:37  Missile Turret  
  56  11:41  Engineering Bay, Terran Infantry Weapons Level 1  
  56  11:42  SCV, Missile Turret  
  56  11:43  Terran Vehicle Weapons Level 1, Terran Vehicle And Ship Armor Level 1  
  56  11:45  SCV  
  58  11:47  Refinery  
  58  11:49  Refinery  
  58  11:50  SCV  
  59  11:54  SCV  
  59  11:57  SCV, Missile Turret  
  59  11:58  Refinery  
  61  12:01  Siege Tank  
  61  12:02  SCV, Missile Turret  
  61  12:06  SCV  
  66  12:09  SCV  
  66  12:14  SCV  
  68  12:18  SCV  
  68  12:21  SCV  
  70  12:26  SCV  
  71  12:30  SCV  
  71  12:33  SCV, Siege Tank  
  71  12:37  Widow Mine x2  
  80  12:39  SCV  
  80  12:41  Drilling Claws  
  80  12:43  SCV  
  82  12:45  SCV  
  83  12:55  SCV, Supply Depot  
  83  12:57  Supply Depot  
  83  12:58  Widow Mine x2  
  88  12:59  SCV  
  89  13:07  SCV  
  89  13:10  SCV  
  89  13:11  SCV  
  92  13:18  Supply Depot  
  92  13:19  SCV, Widow Mine x2  
  97  13:22  SCV  
  97  13:23  SCV  
  99  13:31  SCV  
  100  13:34  SCV  
  100  13:35  SCV  
  100  13:38  Starport  
  100  13:41  Widow Mine, Starport  
  104  13:43  SCV, Starport x2  
  104  13:46  SCV  
  106  13:53  Command Center  
  106  13:59  SCV  
  107  14:07  Marine x3  
  110  14:18  Starport Tech Lab  
  110  14:19  Starport Tech Lab x3  
  110  14:24  Marine  
  110  14:25  Marine x2  
  110  14:30  Fusion Core  
  113  14:42  Marine x3  
  116  14:57  Refinery x2  
  116  15:00  Marine x3  
  119  15:18  Marine  
  85  16:47  Battlecruiser x5  
  103  16:50  Marine x3  
  102  17:08  Marine x3  
  99  17:26  Marine x3  
  102  17:35  Factory Reactor  
  100  17:43  Marine, Terran Ship Weapons Level 1  
  100  17:44  Marine x2  
  102  17:51  Battlecruiser x5  
  127  18:02  Marine  
  92  18:55  Battlecruiser, Liberator  
Show
View Real Time Build Order
Export as new Build Order

Throwfordays Protoss - Winner!

Build Orders: 1 Gate Expand, Double Forge, Carriers, Colossus Rush 

Get SALT Encoding   

  12  0:00  Probe  
  13  0:13  Pylon  
  13  0:18  Probe  
  14  0:26  Probe  
  15  0:36  Gateway, Probe  
  16  0:46  Probe  
  17  1:12  Nexus  
  17  1:19  Assimilator  
  17  1:27  Cybernetics Core  
  17  1:34  Assimilator  
  17  1:37  Probe  
  18  1:45  Probe  
  18  1:53  Probe  
  20  2:04  Warp Gate  
  20  2:05  Probe  
  21  2:17  Probe  
  21  2:21  Robotics Facility, Probe  
  22  2:29  Probe x2  
  25  2:39  Probe  
  25  2:40  Forge  
  26  2:47  Probe  
  26  2:51  Probe  
  28  2:55  Probe  
  28  3:03  Probe  
  28  3:05  Probe  
  30  3:12  Observer  
  32  3:15  Probe  
  32  3:17  Probe  
  34  3:20  Robotics Bay  
  34  3:23  Protoss Ground Weapons Level 1  
  34  3:27  Probe  
  34  3:29  Probe  
  34  3:31  Assimilator  
  36  3:37  Assimilator  
  36  3:39  Probe  
  37  3:41  Probe  
  37  3:47  Forge  
  38  3:53  Pylon  
  38  4:00  Pylon  
  38  4:08  Extended Thermal Lance  
  38  4:11  Probe x2  
  38  4:13  Colossus  
  40  4:23  Probe x2  
  48  4:35  Pylon, Probe  
  48  4:37  Probe  
  50  4:43  Pylon  
  50  4:48  Robotics Facility  
  50  4:49  Probe  
  50  4:52  Pylon  
  51  4:57  Pylon  
  51  5:00  Pylon  
  51  5:01  Probe  
  52  5:08  Pylon, Colossus  
  58  5:17  Nexus  
  58  5:54  Protoss Ground Armor Level 1  
  58  6:01  Twilight Council  
  58  6:02  Colossus  
  64  6:04  Robotics Facility  
  64  6:06  Robotics Facility  
  58  7:04  Immortal  
  58  7:06  Immortal x3  
  58  7:12  Probe  
  69  7:24  Probe  
  69  7:28  Protoss Ground Weapons Level 2  
  70  7:32  Probe  
  70  7:36  Probe  
  72  7:44  Probe  
  72  7:48  Probe  
  72  7:51  Immortal x4  
  90  7:56  Probe  
  91  8:00  Probe  
  92  8:08  Probe  
  93  8:13  Probe  
  93  8:16  Assimilator  
  93  8:17  Pylon  
  94  8:20  Assimilator, Pylon, Probe  
  94  8:22  Pylon  
  94  8:25  Pylon, Probe  
  94  8:26  Stalker  
  98  8:29  Colossus x3  
  116  8:35  Gateway  
  116  8:36  Gateway  
  116  8:37  Probe  
  116  8:39  Gateway  
  117  8:49  Probe  
  118  9:01  Probe  
  119  9:13  Probe  
  116  10:06  Photon Cannon  
  116  10:09  Photon Cannon  
  116  10:12  Probe  
  116  10:13  Photon Cannon  
  117  10:15  Photon Cannon  
  117  10:21  Protoss Ground Weapons Level 3  
  117  10:24  Probe  
  118  10:29  Protoss Ground Armor Level 2  
  118  10:36  Probe  
  118  10:38  Cybernetics Core  
  118  10:41  Stargate  
  119  10:43  Stargate  
  119  10:47  Protoss Air Weapons Level 1, Stargate  
  119  10:48  Probe  
  119  10:49  Stargate  
  120  10:51  Stargate  
  120  10:59  Nexus  
  120  11:02  Assimilator  
  120  11:04  Probe  
  120  11:07  Assimilator  
  120  11:08  Probe  
  120  11:10  Probe  
  123  11:14  Stalker x3  
  123  11:15  Stalker  
  123  11:17  Observer x3, Probe  
  135  11:20  Probe  
  135  11:22  Probe  
  137  11:26  Blink  
  137  11:29  Probe  
  137  11:32  Probe  
  139  11:34  Fleet Beacon, Probe  
  139  11:36  Gravitic Boosters  
  140  11:41  Probe  
  140  11:42  Protoss Air Armor Level 1  
  140  11:44  Probe  
  140  11:46  Probe  
  143  11:53  Probe  
  144  11:56  Probe  
  144  11:58  Probe  
  146  12:08  Probe  
  146  12:11  Probe  
  148  12:19  Carrier x2  
  148  12:20  Probe  
  161  12:23  Probe  
  161  12:24  Probe  
  163  12:36  Pylon  
  163  12:38  Pylon  
  163  12:41  Pylon  
  163  12:44  Pylon  
  163  12:45  Protoss Air Weapons Level 2, Pylon, Protoss Ground Armor Level 3  
  163  12:49  Pylon  
  163  12:54  Carrier  
  163  12:57  Carrier  
  175  12:59  Carrier  
  181  13:09  Protoss Shields Level 1  
  181  13:22  Tempest  
  181  13:23  Tempest  
  190  13:59  Protoss Air Armor Level 2  
  190  14:00  Carrier  
  196  14:18  Warp Prism  
  198  14:59  Charge  
  198  15:02  Gravitic Drive  
  186  16:59  Carrier x2  
  198  17:07  Zealot  
  198  17:08  Zealot x2  
  197  17:09  Zealot  
  149  17:53  Zealot x3  
  149  17:54  Zealot  
  151  18:07  Carrier x3  
  151  18:08  Carrier x2  
Show
View Real Time Build Order
Export as new Build Order

Cthulhu Protoss - Winner!

Build Orders:  

Get SALT Encoding   

  12  0:06  Probe  
  13  0:19  Pylon  
  13  0:21  Probe  
  14  0:33  Probe  
  15  0:43  Probe  
  15  0:44  Gateway  
  16  0:51  Probe  
  17  0:59  Probe  
  18  1:06  Assimilator  
  18  1:15  Gateway  
  18  1:18  Pylon  
  18  1:38  Gateway  
  18  1:40  Zealot  
  18  1:43  Forge  
  20  1:53  Assimilator, Probe  
  21  2:03  Zealot  
  23  2:15  Pylon  
  23  2:37  Nexus  
  23  2:50  Protoss Ground Armor Level 1  
  23  2:56  Cybernetics Core  
  23  2:58  Probe  
  23  3:05  Warp Gate  
  24  3:11  Probe  
  25  3:21  Zealot  
  25  3:23  Probe  
  28  3:35  Probe  
  29  3:45  Zealot  
  29  3:48  Zealot  
  33  3:58  Probe  
  33  3:59  Probe  
  35  4:03  Zealot  
  37  4:12  Probe x2  
  39  4:20  Zealot  
  39  4:23  Zealot  
  43  4:35  Twilight Council  
  43  4:38  Pylon  
  43  4:39  Robotics Facility  
  43  4:41  Charge  
  43  4:42  Probe x2  
  47  4:45  Zealot  
  47  4:55  Protoss Ground Weapons Level 1  
  47  4:56  Zealot  
  49  5:07  Zealot  
  51  5:17  Probe x2  
  53  5:29  Zealot x3  
  53  5:33  Probe x2  
  62  5:35  Observer  
  62  5:45  Assimilator, Templar Archives  
  62  5:48  Assimilator  
  62  5:52  Pylon  
  62  6:10  Probe x2  
  64  6:16  Pylon  
  64  6:19  Pylon  
  46  6:45  High Templar, Stalker x2  
  36  7:01  High Templar  
Show
View Real Time Build Order
Export as new Build Order

Faust Zerg - Winner!

Build Orders: Hatch First 

Get SALT Encoding   

  12  0:01  Drone  
  13  0:11  Drone  
  14  0:14  Extractor  
  14  0:16  Drone  
  15  0:26  Overlord  
  15  0:45  Drone x2  
  17  0:55  Hatchery  
  16  0:57  Drone  
  17  1:05  Drone  
  17  1:06  Extractor  
  17  1:18  Spawning Pool  
  17  1:20  Drone  
  17  1:27  Drone  
  17  1:29  Drone  
  19  1:41  Overlord  
  19  2:07  Queen  
  19  2:08  Queen  
  23  2:11  Zergling x4  
  23  2:12  Zergling x2  
  23  2:15  Metabolic Boost  
  26  2:16  Zergling x2  
  27  2:28  Overlord  
  27  2:30  Zergling x2  
  27  2:31  Zergling x2  
  29  2:54  Drone  
  29  2:55  Baneling Nest  
  29  2:56  Drone x4  
  33  3:01  Drone  
  34  3:26  Drone x6  
  34  3:27  Drone x2  
  42  3:32  Drone  
  43  3:35  Lair  
  43  3:37  Extractor  
  42  3:45  Baneling x2  
  42  3:57  Baneling  
  42  3:58  Baneling  
  42  4:06  Zergling x4  
  42  4:09  Overlord x2  
  44  4:23  Hatchery  
  38  4:43  Drone x3  
  38  4:44  Zergling x18  
  49  4:53  Drone  
  50  5:02  Extractor x2  
  50  5:03  Overlord  
  48  5:24  Zergling x2  
  48  5:25  Zergling x16  
  57  5:33  Drone x2  
  58  5:37  Drone  
  58  5:38  Drone, Spire  
  58  5:41  Drone  
  58  5:42  Drone x2  
  53  5:44  Drone  
  53  5:49  Queen  
  56  5:50  Drone x2  
  56  5:51  Drone x2  
  59  6:08  Drone x2  
  59  6:09  Drone x4  
  65  6:12  Overlord x2  
  65  6:20  Hydralisk Den  
  65  6:23  Drone x5  
  69  6:26  Extractor  
  69  6:27  Extractor  
  67  6:40  Zergling x4  
  67  6:41  Zergling x14  
  67  6:42  Baneling x2  
  67  6:43  Baneling x4  
  76  6:49  Drone x3  
  76  6:50  Overlord  
  76  7:20  Zergling x2  
  76  7:21  Zergling x18  
  62  8:04  Hydralisk x5  
  62  8:05  Hydralisk x13  
  87  8:09  Zerg Flyer Weapons Level 1  
  87  8:10  Lurker Den  
  96  8:14  Evolution Chamber  
  96  8:18  Drone x3, Evolution Chamber  
  73  8:49  Zergling x2  
  73  8:50  Zergling x22  
  73  8:52  Zerg Ground Armor Level 1, Zerg Missile Weapons Level 1  
  85  8:56  Hydralisk x2  
  82  9:16  Hydralisk  
  72  9:17  Hydralisk x5  
  80  9:41  Hydralisk x4  
  88  9:53  Drone x3  
  88  9:54  Drone  
  88  9:57  Overlord x3  
  88  9:59  Muscular Augments  
  92  10:03  Hatchery  
  91  10:13  Drone  
  92  10:16  Drone x2  
  92  10:17  Overlord  
  94  10:23  Drone, Infestation Pit  
  94  10:24  Drone x2  
  94  10:27  Drone x2  
  98  10:32  Drone x2  
  98  10:33  Drone x2  
  102  10:38  Drone  
  103  10:52  Hatchery, Zerg Missile Weapons Level 2  
  102  11:01  Evolution Chamber  
  101  11:07  Zergling x4  
  101  11:08  Zergling x10  
  101  11:09  Zergling x2  
  101  11:11  Grooved Spines  
  107  11:20  Hatchery  
  106  11:44  Overseer  
  106  11:50  Hydralisk x2  
  106  11:51  Hydralisk x6  
  106  11:52  Hydralisk x3  
  128  11:59  Spore Crawler  
  128  12:00  Hive  
  127  12:02  Zerg Melee Weapons Level 1  
  127  12:08  Queen  
  127  12:13  Drone  
  127  12:14  Drone x4  
  134  12:21  Pneumatized Carapace  
  134  12:37  Zergling x10  
  134  12:38  Zergling x6  
  134  12:39  Overlord x4  
  134  12:40  Overlord  
  142  12:44  Burrow  
  142  12:57  Queen  
  144  13:02  Zergling x4  
  144  13:03  Zergling x14  
  153  13:07  Zerg Ground Armor Level 2  
  153  13:26  Corruptor x2  
  153  13:27  Corruptor x6  
  153  13:28  Corruptor  
  153  13:31  Greater Spire  
  171  13:35  Drone x3  
  174  13:53  Extractor  
  174  13:54  Queen, Extractor  
  174  13:55  Overlord x3  
  174  14:00  Adrenal Glands  
  174  14:02  Zerg Melee Weapons Level 2, Zerg Missile Weapons Level 3  
  174  14:03  Adaptive Talons  
  174  14:13  Overlord  
  174  14:14  Drone x2  
  174  14:15  Drone x4  
  180  14:22  Drone  
  180  14:23  Drone x4  
  180  14:24  Drone x4  
  186  14:25  Extractor, Drone x3, Hatchery  
  186  14:28  Extractor  
  189  14:37  Overseer  
  189  14:51  Drone x2  
  189  14:52  Drone x2  
  193  14:54  Brood Lord  
  193  14:55  Brood Lord x2  
  191  15:10  Brood Lord  
  191  15:11  Brood Lord x4  
  198  15:24  Overseer  
  194  16:01  Brood Lord  
  152  16:28  Corruptor x3  
  152  16:29  Corruptor x3  
  152  16:32  Zergling x22  
  175  16:33  Zergling x30  
  190  16:49  Zerg Ground Armor Level 3, Zerg Melee Weapons Level 3  
  190  16:52  Zerg Flyer Weapons Level 2  
  176  17:27  Brood Lord  
  176  17:28  Brood Lord x5  
  183  17:51  Hydralisk x5  
  183  17:52  Hydralisk x3  
  186  18:48  Zergling x14  
  186  18:49  Zergling x14  
  197  19:42  Corruptor x2  
Tags
 
Add a new tag
Caveats
  • Supply blocks, unpowered buildings, or Contaminate may cause inaccurate times.
  • Supply counts are checked every 10 seconds.